 Dungeon Crawl Stone Soup version 0.30-a0-137-gd8773701ce (webtiles) character file.

Game seed: 18304611820041386720

93 IdlyInterested the Trooper (level 4, -1/35 HPs)
             Began as a Demonspawn Gladiator on Sept 22, 2022.
             Slain by Grinder (6 damage)
             ... on level 3 of the Dungeon.
             The game lasted 00:07:38 (2618 turns).

IdlyInterested the Trooper (Demonspawn Gladiator)   Turns: 2618, Time: 00:07:39

Health: -1/35      AC:  6    Str: 20    XL:     4   Next: 37%
Magic:  4/4        EV: 13    Int: 11    God:
Gold:   85         SH:  0    Dex: 15    Spells: 3/3 levels left

rFire   . . .      SeeInvis .    r - +1 dagger (venom)
rCold   . . .      Faith    .    (no shield)
rNeg    . . .      Spirit   .    t - +0 ring mail
rPois   .          Reflect  .    c - +0 helmet
rElec   .          Harm     .    (no cloak)
rCorr   .          Rampage  .    (no gloves)
Will    .....      Clarity  +    (no boots)
Stlth   +.........               (no amulet)
HPRegen 0.11/turn                p - +6 ring of strength
MPRegen 0.09/turn                (no ring)

@: no status effects
A: repulsion field 1, clarity
a: no special abilities


You were on level 3 of the Dungeon.
You visited 1 branch of the dungeon, and saw 3 of its levels.

You collected 85 gold pieces.

Inventory:

Hand Weapons
 a - a +0 rapier
 h - a +0 dagger
 j - a +1 mace of protection
 m - a +0 spear
 r - a +1 dagger of venom (weapon)
Missiles
 d - 3 throwing nets
 e - a javelin
 n - an atropa-tipped dart
 o - 6 poisoned darts (quivered)
Armour
 b - a +0 leather armour
 c - a +0 helmet (worn)
 g - a +0 robe
 t - a +0 ring mail (worn)
Jewellery
 p - a +6 ring of strength (left hand)
Scrolls
 f - 2 scrolls of teleportation
 s - a scroll of vulnerability
Potions
 i - a potion of attraction
 k - a potion of resistance
 l - a potion of lignification


   Skills:
 + Level 3.1 Fighting
 - Level 2.6 Short Blades
 - Level 2.0 Throwing
 - Level 2.0 Armour
 - Level 2.6 Dodging
 - Level 2.0 Stealth
 * Level 0.0 Evocations


You had 3 spell levels left.
You didn't know any spells.
Your spell library contained the following spells:

 Spells                   Type           Power      Damage    Failure   Level
 Call Canine Familiar     Summ           0%         N/A       87%         3
 Portal Projectile        Hex/Tloc       0%         N/A       87%         3
 Leda's Liquefaction      Hex/Erth       0%         N/A       99%         4


Dungeon Overview and Level Annotations

Branches:
Dungeon (3/15)

Altars:

Annotations:
D:3 Grinder


Innate Abilities, Weirdness & Mutations

You are surrounded by a mild repulsion field. (EV +2)
You possess an exceptional clarity of mind.


Message History

Grinder gestures at you. You resist with significant effort.
Grinder closely misses you.
You closely miss Grinder.
Grinder is moderately wounded.
Grinder looks more healthy.
You hit Grinder but do no damage.
Grinder is poisoned.
Grinder is moderately wounded.
Grinder blinks!
Grinder gestures at you.
You suddenly lose the ability to move!
Grinder says, "At least Makhleb appreciates what I'm doing."
Grinder gestures at you.
You barely resist.
You can move again.
You barely miss Grinder.
Grinder is moderately wounded.
Grinder hits you.
You writhe in agony.
You hit Grinder but do no damage.
Grinder is moderately wounded.
Grinder says, "FISH!"
Grinder misses you.
You hit Grinder but do no damage.
Grinder is moderately wounded.
Grinder closely misses you.
It was a potion of mutation.
You feel extremely strange.
Your thoughts seem clearer.
Grinder says, "There's only one good use for a tongue: cutting it out."
Grinder hits you.
* * * LOW HITPOINT WARNING * * *
You writhe in agony.
* * * LOW HITPOINT WARNING * * *
Okay, then.
Throw: 2 darts (atropa)
Press: ? - help, Shift-Dir - straight line, f - Grinder
Aim: Grinder (moderately wounded, poisoned, 57% to hit, chance to blind on hit: 35%)
You throw an atropa-tipped dart.
The atropa-tipped dart barely misses Grinder.
Grinder hits you.
You die...

* #.#...#...##.#
###.#..###..##.#
♣.......#...##.#
.####..#.#..##<# ,*
#..##.##..### ,*
#..#.).#....# ,*
#...###..##.# ,*
#..#...#.##.#######
,**#..##.##.##..@5..(#
,*...,,#.#.....#####.#
,♣..>,,###...#♣♣****,*
,♣..,,,,...#..,,,,,,,*
,***,***#.####♣*******
,**,,,,,..*
,**,,**###* ,**,,*
,**,,*


You could see Grinder (poisoned).

Vanquished Creatures
  2 gnolls
  2 adders (D:2)
  A worm (D:2)
  A dart slug (D:1)
  An orc (D:3)
  3 bats (D:1)
  4 endoplasms
  A giant cockroach (D:1)
  5 goblins
  4 hobgoblins
  10 jackals
  2 quokkas
  2 ball pythons
  A frilled lizard (D:1)
  3 kobolds (D:1)
  2 rats (D:1)
  A spectral kobold (D:2)
45 creatures vanquished.

Notes
Turn   | Place    | Note
-------+----------+-------------------------------------------
     0 | D:1      | IdlyInterested the Demonspawn Gladiator began the quest for
                  | the Orb.
     0 | D:1      | Reached XP level 1. HP: 16/16 MP: 1/1
    76 | D:1      | Reached skill level 1 in Armour
    81 | D:1      | Gained mutation: You are surrounded by a mild repulsion
                  | field. (EV +2) [demonic ancestry]
    81 | D:1      | Reached XP level 2. HP: 4/22 MP: 2/2
   666 | D:1      | Reached XP level 3. HP: 28/28 MP: 3/3
  1098 | D:2      | Reached skill level 1 in Stealth
  1590 | D:2      | Found a faded altar of an unknown god.
  1763 | D:2      | Reached skill level 3 in Fighting
  1763 | D:2      | Reached XP level 4. HP: 35/35 MP: 4/4
  2587 | D:3      | Noticed Grinder
  2610 | D:3      | Paralysed by Grinder for 4 turns
  2617 | D:3      | Gained mutation: You possess an exceptional clarity of
                  | mind. [potion of mutation]
  2618 | D:3      | Slain by Grinder

Illustrated notes

Levels and vault maps discovered:
D:1:      tarquinn_simple_flora_water_c, layout_basic
D:2:      layout_basic, dreamdust_ecumenical_altar_drowned_temple
D:3:      layout_basic, serial_forest, infiniplex_forest_straight_2,
          infiniplex_forest_corner_1, infiniplex_forest_straight_3,
          infiniplex_forest_clump_curved, infiniplex_forest_lined_room_,
          infiniplex_forest_lined_corner, infiniplex_forest_clump_large,
          serial_bayou_pond_a, chequers_big_river, kennysheep_cross_bottleneck,
          minmay_ruptured, uniq_natasha, uniq_grinder

Skill      XL: |  1  2  3  4 |
---------------+-------------+-----
Armour         | 1 2 |  2.0
Stealth        | 1 2 |  2.0
Fighting       | 3 |  3.1
Throwing       | 2 |  2.0
Short Blades   | |  2.6
Dodging        | |  2.6

Action                   |  1- 3 |  4- 6 || total
-------------------------+-------+-------++-------
Melee: Rapier            |   134 |       ||   134
       Dagger            |     2 |    26 ||    28
       Punch             |     1 |     2 ||     3
Throw: Dart              |       |     1 ||     1
  Use: Scroll            |     3 |     4 ||     7
       Potion            |     1 |     1 ||     2
 Stab: Sleeping          |     4 |     1 ||     5
Armor: Leather armour    |    44 |     2 ||    46
       Ring mail         |       |     1 ||     1
Dodge: Dodged            |   103 |     9 ||   112

Table legend: (Time is in decaauts)
 A = Elapsed time spent in this place.
 B = Non-inter-level travel time spent in this place.
 C = Inter-level travel time spent in this place.
 D = Time resting spent in this place.
 E = Time spent auto-exploring this place.
 F = Levels seen in this place.
 G = Mean time per level.
                   A        B        C        D        E       F      G
               +--------+--------+--------+--------+--------+-----+--------+
         Total |   2630 |   2389 |    241 |    785 |   1077 |   3 |  876.7 |
       Dungeon |   2630 |   2389 |    241 |    785 |   1077 |   3 |  876.7 |
               +--------+--------+--------+--------+--------+-----+--------+

Top non-repeatable levels by time:
     D:2: 1454 daAuts
     D:1: 974 daAuts
     D:3: 202 daAuts
